 Dungeon Crawl Stone Soup version 0.31.0-4-g52a2dc7128 (webtiles) character file.

Game seed: 14141678507414198581

20 boopmooplesden the Covered (level 2, 0/2 HPs)
             Began as an Armataur Fighter on Jan 21, 2024.
             Succumbed to an adder's poison
             ... on level 2 of the Dungeon.
             The game lasted 00:00:53 (629 turns).

boopmooplesden the Covered (Armataur Fighter)        Turns: 629, Time: 00:00:54

Health: 0/2        AC:  3    Str: 21    XL:     2   Next: 58%
Magic:  2/2        EV:  7    Int:  8    God:
Gold:   51         SH:  0    Dex:  9    Spells: 1/1 levels left

rFire   . . .        a - melded +0 flail
rCold   . . .        c - melded +0 buckler
rNeg    . . .        b - +0 scale mail
rPois   .            (no helmet)
rElec   .            (no cloak)
rCorr   .            (gloves currently unavailable)
SInv    .            (no barding)
Will    .....        (no amulet) Stlth
                     (no ring)
HPRegen 0.20/turn    (no ring)
MPRegen 0.08/turn

%: roll
@: lethally poisoned (0 -> -3), blade hands
A: reduced hp, large, deformed body, tough skin 3, armoured tail, roll 1
a: Begin Untransformation


You were on level 2 of the Dungeon.
You had blades for hands.
You visited 1 branch of the dungeon, and saw 2 of its levels.

You collected 51 gold pieces.

Inventory:

Hand Weapons
 a - a +0 flail (melded)
Armour
 b - a +0 scale mail (worn)
 c - a +0 buckler (melded)
Talismans
 l - a blade talisman (active)
Scrolls
 f - a scroll of brand weapon {unknown}
 h - a scroll of acquirement {unknown}
 j - 3 scrolls of identify {unknown}
Potions
 d - a potion of might
 e - a potion of curing {unknown}
 g - a potion of attraction {unknown}
 i - a potion of heal wounds {unknown}
 k - 3 potions of haste {unknown}
 m - a potion of brilliance {unknown}


   Skills:
 + Level 3.0 Fighting
 + Level 2.0 Maces & Flails
 + Level 4.0 Armour
 + Level 3.5 Shields


You had one spell level left.
You didn't know any spells.
Your spell library contained the following spells:

 Spells                   Type           Power      Damage    Failure   Level
 Ensorcelled Hibernation  Hex/Ice        0%         N/A       86%         2
 Fugue of the Fallen      Necr           0%         N/A       98%         3
 Anguish                  Hex/Necr       0%         N/A       100%        4


Dungeon Overview and Level Annotations

Branches:
Dungeon (2/15)

Altars:

Annotations:
D:2 Terence


Innate Abilities, Weirdness & Mutations

You have blades for hands.
Your maximum health is decreased, since you lack skill for your form.
You are incapable of wielding weapons or throwing items.
Armour fits poorly on your strangely shaped body.
You have extremely tough skin. (AC +3)
You have a long armoured tail.
You regenerate magic when rolling toward enemies. (Rampage MPRegen)


Message History

Found a ring mail.
You see here a +0 ring mail.
Found a blade talisman.
Found a scroll labelled ONOUGYSUNU.
You see here a blade talisman.
l - a blade talisman
j - 3 scrolls labelled ONOUGYSUNU (gained 1)
k - 3 fuming white potions (gained 1)
An adder comes into view.
The adder hisses angrily.
You hear a shout!
Terence the Incautious comes into view.
He is wielding a +1 flail of protection.
The adder moves out of view.
Found an escape hatch in the ceiling.
You see here a fuming brown potion.
m - a fuming brown potion The adder bites you.
The adder attacks as it pursues you! The adder bites you but does no damage.
You block the adder's attack. The adder attacks as it pursues you!
The adder bites you but does no damage. You block the adder's attack.
There are monsters nearby!
The adder bites you but does no damage.
You begin transforming.
You continue transforming.
The adder bites you but does no damage.
You continue transforming.
The adder bites you but does no damage.
You continue transforming.
The adder barely misses you. The adder bites you.
You are poisoned.
The adder poisons you!
Your hands turn into razor-sharp scythe blades.
Your +0 flail melds into your body.
Your +0 buckler melds into your body.
HP restored.
You miss the adder.
Ouch! That really hurt!
You feel sick. The adder barely misses you.
You hit the adder.
The adder is moderately wounded.
Ouch! That really hurt!
You die...

.... .... .... ...
<.# #######..#.## #
#............
#.#####............
#..@S@........#...#
######.......## .
#####.........# .
#............... .
#.###............ .
#.# ##############
# #.# # #.# # #.# #


You could see Terence and an adder.

Vanquished Creatures
  A ball python (D:1)
  3 endoplasms (D:1)
  4 goblins (D:1)
  A hobgoblin (D:1)
  2 jackals (D:1)
  5 kobolds (D:1)
  A frilled lizard (D:1)
17 creatures vanquished.

Notes
Turn   | Place    | Note
-------+----------+-------------------------------------------
     0 | D:1      | boopmooplesden the Armataur Fighter began the quest for the
                  | Orb.
     0 | D:1      | Reached XP level 1. HP: 18/18 MP: 1/1
    72 | D:1      | Reached XP level 2. HP: 25/25 MP: 2/2
   207 | D:1      | Reached skill level 4 in Armour
   220 | D:1      | Found a faded altar of an unknown god.
   613 | D:2      | Noticed Terence
   629 | D:2      | Succumbed to an adder's poison

Illustrated notes

Levels and vault maps discovered:
D:1:      ldierk_walled_garden, layout_basic, shapermc_ecumenical_altar_pompeii
D:2:      layout_loops_cross, minmay_stone_trees_medium,
          chequers_serial_rivers_micro_e, uniq_terence, uniq_robin

Skill      XL: |  1  2 |
---------------+-------+-----
Fighting       | 3 |  3.0
Armour         | 4 |  4.0
Maces & Flails | 2 |  2.0
Shields        | |  3.5

Action                     || total
---------------------------++-------
  Melee: Flail             ||    34
         Unarmed           ||     2
 Armour: Scale mail        ||    23
  Dodge: Dodged            ||    12
  Block: Buckler           ||     9
   Form: Blade             ||     1
